 Dungeon Crawl Stone Soup version 0.24.0-1-gfbc8707122 (webtiles) character file.

Game seed: 5659323867891844919, levelgen mode: deterministic

6431 Esekla the Carver (level 10, 0/69 HPs)
             Began as an Octopode Abyssal Knight on Oct 27, 2019.
             Was a High Priest of Lugonu.
             Shot with an arrow by a centaur (12 damage)
             ... led by a centaur warrior
             ... on level 13 of the Dungeon.
             The game lasted 01:25:16 (12378 turns).

Esekla the Carver (Octopode Abyssal Knight)        Turns: 12378, Time: 01:25:17

Health: 0/69       AC:  3    Str: 19    XL:     10   Next: 99%
Magic:  11/11      EV: 22    Int: 15    God:    Lugonu [*****.]
Gold:   520        SH:  0    Dex: 17    Spells: 7/13 levels left

rFire    . . .     SeeInvis +   a - +1 falchion
rCold    . . .     Gourm    .   (no shield)
rNeg     . . .     Faith    .   (helmet restricted)
rPois    .         Spirit   .   (no amulet)
rElec    .         Reflect  .   c - +1 ring of slaying
rCorr    .         Harm     .   r - ring of see invisible
MR       .....                  (no ring)
Stlth    ++++++....             (no ring)
HPRegen  0.21/turn              (no ring)
MPRegen  0.12/turn              (no ring)
                                (no ring)
                                (no ring)

@: mighty, agile, very slightly contaminated, lightly drained
A: almost no armour, stealthy swim, amphibious, 8 rings, constrict 8, tentacle
spike 1, yellow scales 1, camouflage 1, low mp 1, gelatinous body 1
a: Depart the Abyss, Bend Space, Banish, Corrupt, Enter the Abyss, Renounce
Religion


You were on level 13 of the Dungeon.
You worshipped Lugonu.
Lugonu was extremely pleased with you.
You were not hungry.

You visited 1 branch of the dungeon, and saw 12 of its levels.
You visited the Abyss 1 time.

You collected 520 gold pieces.

Inventory:

Hand Weapons
 a - a +1 falchion (weapon)
 g - a +0 spear of freezing
 m - a +1 short sword of venom
 p - a +1 spear of pain
 v - a +3 dagger
 C - a +2 war axe of distortion
Missiles
 f - 91 poisoned darts (quivered)
 l - 9 boomerangs
 t - 4 silver boomerangs
Armour
 s - a +0 buckler
Jewellery
 c - a +1 ring of slaying (left tentacle)
 r - a ring of see invisible (right tentacle)
Wands
 h - a wand of disintegration (15)
 y - a wand of digging (4)
 E - a wand of flame (10)
Scrolls
 d - a scroll of fog
 e - 5 scrolls of teleportation
 n - 5 scrolls of remove curse
 o - a scroll of amnesia
 q - a scroll of enchant weapon
 D - 6 scrolls of identify
Potions
 i - a potion of curing
 j - 6 potions of flight
 k - 2 potions of mutation
 w - 2 potions of cancellation
 x - 2 potions of magic
 z - 2 potions of haste
Comestibles
 b - 24 rations


   Skills:
 + Level 6.5(6.3) Fighting
 * Level 11.7(11.5) Long Blades
 * Level 6.6(6.4) Dodging
 - Level 7.5(7.4) Stealth
 * Level 2.1(2.0) Spellcasting
 * Level 2.0(1.9) Conjurations
 * Level 2.2(2.0) Hexes
 + Level 3.5(3.3) Invocations


You had 7 spell levels left.
You knew the following spells:

 Your Spells              Type           Power        Failure   Level  Hunger
d - Dazzling Spray        Conj/Hex       #.....       28%         3    ###....
e - Tukima's Dance        Hex            #.......     28%         3    ###....

Your spell library contained the following spells:

 Spells                   Type           Power        Failure   Level  Hunger
 Corona                   Hex            #......      10%         1    #......
 Beastly Appendage        Tmut           #.....       22%         1    #......
 Ensorcelled Hibernation  Hex/Ice        #.....       22%         2    ###....
 Confuse                  Hex            #.......     28%         3    ###....
 Sticks to Snakes         Tmut           #.......     32%         2    ###....
 Spider Form              Tmut/Pois      #.........   54%         3    ###....
 Ice Form                 Ice/Tmut       #.......     91%         4    #####..
 Blade Hands              Tmut           #.........   99%         5    ######.


Dungeon Overview and Level Annotations

Branches:
Dungeon (11/15)            Temple (0/1) D:5            Lair (0/6) D:11
    Orc (0/2) D:10

Altars:
Ashenzari
Elyvilon
Fedhas
Gozag
Hepliaklqana
Kikubaaqudgha
Makhleb
Nemelex Xobeh
Okawaru
Sif Muna
Trog
Uskayaw
Wu Jian
Yredelemnul
The Shining One

Shops:
D:6 [

Annotations:
D:4 exclusion: oklob plant


Innate Abilities, Weirdness & Mutations

You cannot wear most types of armour.
You are very stealthy in the water. (Stealth+)
You are amphibious.
You can wear up to eight rings at the same time.
You can use your tentacles to constrict eight enemies at once.
Your skin changes colour to match your surroundings (Stealth+).
Your rubbery body absorbs attacks. (AC +1, EV +1)
One of your tentacles bears a spike.
You are partially covered in yellow scales. (AC +2)
Your magical capacity is low. (-10% MP)


Message History

The centaur warrior hits you!
* * * LOW HITPOINT WARNING * * *
A centaur comes into view.
The centaur completely misses you.
You riposte.
The centaur shouts!
You slash the centaur!
You kill the centaur!
Lugonu accepts your kill. The hungry ghost hits you.
* * * LOW HITPOINT WARNING * * *
You feel a lot more hungry.
Blink to where?
Press: ? - help, Dir - move target cursor You are very lightly contaminated with residual magic.
As you read the scroll of blinking, it crumbles to dust.
The centaur wields a +0 shortbow.
The centaur shoots an arrow.
The arrow barely misses you.
Found an arrow.
Found a stone staircase leading up.
The centaur shoots an arrow.
The arrow hits you!
You die...

#... #.. ..# #.#
... #°# #.# # #.#
##.####.## #R#
##.........
#.#.##.........
#W..##...^....<
#...>.cc.@....(..
#.#.#######.####.
#.#.# # . #(# ..
#.# .. #.# #..
..#


You could see a centaur warrior, a hungry ghost and a centaur.

Vanquished Creatures
  Pikel (D:7)
  A hornet (D:8)
  Grinder (D:4)
  The ghost of Esekla the Slasher, an amateur OpAK of Lugonu (D:5)
  A shadow (D:11)
  A wyvern (D:9)
  A spriggan (D:10)
  2 hungry ghosts (D:7)
  Edmund (D:6)
  Duvessa (D:6)
  2 sky beasts
  A hornet zombie (D:10)
  An ice beast (D:9)
  4 phantoms
  3 orc warriors
  2 ogres
  9 centaurs
  7 bullfrogs
  Dowan (D:6)
  3 scorpions
  3 howler monkeys (D:8)
  A bullfrog zombie (D:7)
  3 crimson imps
  A quasit (D:10)
  5 hounds
  A jelly (D:7)
  8 orc priests
  2 bullfrog skeletons (D:8)
  10 orc wizards
  A centaur skeleton (D:8)
  A gnoll shaman (D:4)
  3 iguanas
  8 worker ants
  A killer bee zombie (D:6)
  3 hound zombies
  A hound skeleton (D:4)
  Robin (D:2)
  A worker ant zombie (D:5)
  12 gnolls
  16 adders
  A shadow imp (D:8)
  An ooze (D:4)
  2 adder skeletons
  5 worms
  A dart slug (D:2)
  5 leopard geckos
  53 orcs
  2 ball pythons (D:2)
  4 bats
  3 giant cockroaches
  13 goblins
  16 hobgoblins
  11 jackals
  8 quokkas
  4 frilled lizards
  6 kobolds
  A quokka skeleton (D:6)
  2 quokka zombies
  9 rats
  2 fungi (D:4)
  4 plants (D:4)
279 creatures vanquished.

Notes
Turn   | Place    | Note
-------+----------+-------------------------------------------
     0 | Abyss:1  | Esekla the Octopode Abyssal Knight began the quest for the
                  | Orb.
     0 | Abyss:1  | Reached XP level 1. HP: 16/16 MP: 2/2
    33 | Abyss:1  | Noticed a smoke demon
    64 | Abyss:1  | Noticed a large abomination
    65 | D:1      | Escaped the Abyss
   115 | D:1      | Found a shattered altar of Ashenzari.
   597 | D:3      | Noticed an orc priest
   609 | D:2      | Reached XP level 2. HP: 7/21 MP: 3/3
   824 | D:2      | Reached XP level 3. HP: 27/27 MP: 4/4
   833 | D:3      | Reached XP level 4. HP: 19/33 MP: 5/5
  1031 | D:3      | Reached * piety under Lugonu
  1504 | D:3      | Reached skill level 3 in Long Blades
  1504 | D:3      | Reached skill level 1 in Stealth
  1504 | D:3      | Reached XP level 5. HP: 21/37 MP: 6/6
  1933 | D:4      | Reached ** piety under Lugonu
  1944 | D:4      | Reached skill level 4 in Long Blades
  2044 | D:4      | Reached XP level 6. HP: 28/43 MP: 7/7
  2133 | D:4      | Noticed Grinder
  2814 | D:4      | Noticed a phantom
  2999 | D:2      | Noticed Robin
  3022 | D:2      | Reached *** piety under Lugonu
  3027 | D:2      | Killed Robin
  3168 | D:2      | Reached skill level 5 in Long Blades
  3608 | D:2      | Gained mutation: One of your tentacles bears a spike.
                  | [potion of mutation]
  3608 | D:2      | Gained mutation: Your magical capacity is low. (-10% MP)
                  | [potion of mutation]
  3608 | D:2      | Gained mutation: You are partially covered in yellow
                  | scales. (AC +2) [potion of mutation]
  3784 | D:4      | Reached XP level 7. HP: 27/48 MP: 7/7
  3982 | D:5      | Entered Level 5 of the Dungeon
  4107 | D:4      | Found a blossoming altar of Fedhas.
  4137 | D:4      | Noticed an oklob plant
  4327 | D:4      | Paralysed by Grinder for 6 turns
  4557 | D:4      | Paralysed by Grinder for 7 turns
  4573 | D:4      | Killed Grinder
  4573 | D:4      | Reached skill level 6 in Long Blades
  4637 | D:4      | Reached XP level 8. HP: 43/54 MP: 9/9
  5009 | D:5      | Found a runed translucent door.
  5106 | D:5      | Reached **** piety under Lugonu
  5119 | D:5      | Reached skill level 7 in Long Blades
  5278 | D:5      | Noticed Esekla's ghost (amateur OpAK)
  5412 | D:5      | Found a staircase to the Ecumenical Temple.
  5680 | D:6      | Reached skill level 5 in Stealth
  5907 | D:6      | Found a hazy altar of Hepliaklqana.
  5931 | D:6      | Noticed Edmund
  5964 | D:6      | Killed Edmund
  5964 | D:6      | Reached skill level 5 in Fighting
  5964 | D:6      | Reached skill level 8 in Long Blades
  5977 | D:6      | Found Xeiwom's Armour Boutique.
  6061 | D:6      | Found an iron altar of Okawaru.
  6132 | D:6      | Reached skill level 5 in Dodging
  6132 | D:6      | Reached XP level 9. HP: 53/61 MP: 10/10
  6271 | D:6      | Noticed Duvessa
  6396 | D:6      | Reached skill level 9 in Long Blades
  6670 | D:6      | Noticed Dowan
  7268 | D:5      | Killed Esekla's ghost
  7457 | D:6      | Killed Duvessa
  7465 | D:6      | Killed Dowan
  7662 | D:8      | Found a white marble altar of Elyvilon.
  7663 | D:8      | Found an ancient bone altar of Kikubaaqudgha.
  7665 | D:8      | Found a burning altar of Makhleb.
  7665 | D:8      | Found an opulent altar of Gozag.
  7674 | D:8      | Noticed a hornet
  7681 | D:8      | Killed a hornet
  7681 | D:8      | Reached skill level 10 in Long Blades
  7907 | D:8      | Reached XP level 10. HP: 68/68 MP: 11/11
  7940 | D:8      | Reached ***** piety under Lugonu
  8060 | D:8      | Found an ornate altar of the Wu Jian Council.
  8063 | D:8      | Found a glowing golden altar of the Shining One.
  8063 | D:8      | Found a shimmering blue altar of Sif Muna.
  8077 | D:8      | Found a basalt altar of Yredelemnul.
  8077 | D:8      | Found a hide-covered altar of Uskayaw.
  8219 | D:8      | Noticed Pikel
  8536 | D:7      | Found a bloodstained altar of Trog.
  8592 | D:7      | Found a sparkling altar of Nemelex Xobeh.
  8677 | D:6      | Learned a level 3 spell: Dazzling Spray
  8681 | D:6      | Learned a level 3 spell: Tukima's Dance
  8828 | D:7      | Killed Pikel
  8828 | D:7      | Reached skill level 11 in Long Blades
  9469 | D:9      | Reached skill level 1 in Hexes
  9564 | D:9      | Reached skill level 1 in Spellcasting
  9564 | D:9      | Reached skill level 1 in Conjurations
  9772 | D:9      | Found a shattered altar of Ashenzari.
 10070 | D:10     | Entered Level 10 of the Dungeon
 11435 | D:10     | Noticed a two-headed ogre
 11752 | D:10     | Found a staircase to the Orcish Mines.
 11757 | D:10     | Noticed a two-headed ogre
 11957 | D:11     | Found a staircase to the Lair.
 12037 | D:11     | You fall into a shaft and drop 2 floors!
 12038 | D:13     | Noticed a four-headed hydra
 12056 | D:13     | Noticed an unseen horror
 12059 | D:13     | Noticed a cyclops
 12371 | D:13     | Noticed a centaur warrior
 12378 | D:13     | Shot with an arrow by a centaur

Levels and vault maps discovered:
D:1:      dpeg_arrival_orchard, layout_basic, nicolae_ashenzari_panopticon
D:2:      minmay_razor_zed, layout_loops_ring, chequers_mini_garden,
          bh_chokoban, uniq_robin
D:3:      layout_rooms
D:4:      layout_rooms, tgw_fedhas, first_ration, uniq_grinder
D:5:      layout_loops_ring, minmay_temple_entry_gardened_gates,
          ebering_ghost_sewer_d
D:6:      layout_loops_cross, okawaru_altar_gauntlet_db, kennysheep_mini_moat,
          serial_shops, nicolae_shop_crystal, uniq_duvessa, uniq_edmund
D:7:      layout_cave_pools, nemelex_xobeh_ov_fountains_minmay,
          nicolae_overflow_crystal_walls, hangedman_decor_slide_cut
D:8:      layout_basic, chequers_temple_overflow_statue_of_worship,
          minmay_overflow_temple_star_hex, uniq_pikel
D:9:      layout_basic, nicolae_overflow_hidden_temple
D:10:     layout_irregular_city, david_orc_2, the_bakery
D:11:     layout_irregular_city, lair_entry_dummy, basic_altar
D:13:     minmay_tri_box, layout_rooms, minmay_nine_imps

Skill      XL: |  1  2  3  4  5  6  7  8  9 10 |
---------------+-------------------------------+-----
Dodging        | 3 4 5 6 |  6.6
Fighting       | 4 5 6 |  6.5
Long Blades    | 3 4 5 6 8 10 11 | 11.7
Stealth        | 1 3 4 5 7 |  7.5
Invocations    | 3 |  3.5
Hexes          | 2 |  2.2
Spellcasting   | 2 |  2.1
Conjurations   | 2 |  2.0

Action                   |  1- 3 |  4- 6 |  7- 9 | 10-12 || total
-------------------------+-------+-------+-------+-------++-------
Melee: Falchion          |    23 |   161 |   348 |   246 ||   778
       Constrict         |     6 |    56 |    81 |    46 ||   189
       Tentacles         |     5 |    30 |    86 |    55 ||   176
       Kick              |       |     5 |   120 |    89 ||   214
       Short sword       |       |       |       |     2 ||     2
       Unarmed           |       |       |       |     1 ||     1
Throw: Dart              |     1 |    52 |    28 |    27 ||   108
       Boomerang         |       |       |     3 |     4 ||     7
 Cast: Dazzling Spray    |       |       |       |     2 ||     2
Invok: Depart the Abyss  |     1 |       |       |       ||     1
       Bend Space        |       |       |     4 |     4 ||     8
  Use: Scroll            |       |     6 |     2 |    11 ||    19
       Potion            |       |     1 |     3 |     3 ||     7
 Stab: Sleeping          |       |    11 |    17 |     9 ||    37
       Distracted        |       |     1 |     1 |     4 ||     6
  Eat: Chunk             |       |     9 |     4 |     8 ||    21
       Ration            |       |       |     4 |     3 ||     7
Armor: Skin              |     2 |    10 |    28 |    14 ||    54
Dodge: Dodged            |    10 |    90 |   177 |   176 ||   453
       Rpst.: Falchion   |       |    28 |    43 |    51 ||   122
